 Dungeon Crawl Stone Soup version 0.25-a0-513-ge77a69270c (webtiles) character file.

Game seed: 18394835546196384338, levelgen mode: deterministic

1226 Eurus the Magician (level 8, 0/60 HPs)
             Began as a Mummy Conjurer on Feb 16, 2020.
             Was an Initiate of Ashenzari.
             Slain by a centaur (8 damage)
             ... on level 5 of the Dungeon.
             The game lasted 00:14:13 (5800 turns).

Eurus the Magician (Mummy Conjurer)                 Turns: 5800, Time: 00:14:13

Health: 0/60       AC:  5    Str: 11    XL:     8   Next: 23%
Magic:  22/26      EV: 12    Int: 16    God:    Ashenzari [......]
Gold:   467        SH:  0    Dex: 16    Spells: 12/19 levels left

rFire    x . .     SeeInvis .   k - +2 whip (elec)
rCold    + . .     Gourm    .   (no shield)
rNeg     + + +     Faith    .   a - +0 robe
rPois    ∞         Spirit   .   (no helmet)
rElec    .         Reflect  .   (no cloak)
rCorr    .         Harm     .   c - +2 pair of gloves {Dex+3} (curse)
MR       +....                  (no boots)
Stlth    ++........             (no amulet)
HPRegen  0.20/turn              g - ring of magical power (curse)
MPRegen  0.20/turn              (no ring)

@: no status effects
A: no food or potions, fire vulnerability, cold resistance 1, negative energy
resistance 3, torment resistance, unbreathing
a: Curse Item, Renounce Religion


You were on level 5 of the Dungeon.
You worshipped Ashenzari.
Ashenzari was noncommittal.
You were not hungry.

You visited 2 branches of the dungeon, and saw 6 of its levels.
You also visited: Ossuary.

You collected 467 gold pieces.

Inventory:

Hand Weapons
 e - a +0 dagger
 k - a +2 whip of electrocution (weapon)
Armour
 a - a +0 robe (worn)
 c - a cursed +2 pair of gloves of dexterity (worn)
Jewellery
 g - a cursed ring of magical power (left hand)
 j - an uncursed ring of stealth
Wands
 l - a wand of flame (7)
Scrolls
 b - 2 scrolls of noise {unknown}
 d - a scroll of immolation {unknown}
 f - 3 scrolls of fog {unknown}
 h - 6 scrolls of identify {unknown}
 i - 3 scrolls of teleportation {unknown}
 m - a scroll of fear {unknown}
 n - a scroll of amnesia {unknown}
 o - a scroll of remove curse


   Skills:
 + Level 4.2 Fighting
 + Level 3.0 Armour
 - Level 1.5 Dodging
 - Level 1.5 Stealth
 + Level 6.0 Spellcasting
 + Level 5.3 Conjurations
 + Level 3.1 Translocations


You had 12 spell levels left.
You knew the following spells:

 Your Spells              Type           Power        Failure   Level  Hunger
a - Magic Dart            Conj           ###.         1%          1    N/A
b - Searing Ray           Conj           ###...       2%          2    N/A
c - Iskenderun's Mystic   Conj/Tloc      ###.....     24%         4    N/A

Your spell library contained the following spells:

 Spells                   Type           Power        Failure   Level  Hunger
 Dazzling Flash           Conj/Hex       ##....       14%         3    N/A
 Fulminant Prism          Conj/Hex       ##........   41%         4    N/A

Dungeon Overview and Level Annotations

Branches:
Dungeon (5/15)             Temple (1/1) D:4         Ossuary (visited)

Altars:
Ashenzari
Cheibriados
Gozag
Trog
Vehumet
Wu Jian

Shops:
D:4 (

Annotations:
D:4 exclusion: hippogriff


Innate Abilities, Weirdness & Mutations

You do not eat or drink.
Your flesh is vulnerable to fire.
You are immune to poison.
Your flesh is cold resistant. (rC+)
You are immune to negative energy. (rN+++)
You are immune to unholy pain and torment.
You can survive without breathing.


Message History

You see here an arrow.
The centaur shoots an arrow.
The arrow hits you!
* * * LOW HITPOINT WARNING * * *
The centaur shoots an arrow.
The arrow misses you.
You see here an arrow.
The centaur unwields a +3 shortbow.
The centaur hits you.
* * * LOW HITPOINT WARNING * * *
Casting: Magic Dart (safe; 1% risk of failure)
Confirm with . or Enter, or press ? or * to list all spells.
Aiming: Searing Ray (safe; 2% risk of failure)
Press: ? - help, Shift-Dir - straight line, f - centaur
Aim: a centaur, quivering 22 arrows The searing ray hits the centaur.
The centaur is moderately wounded. (Press . to maintain the ray.)
The centaur closely misses you. The centaur barely misses you.
The searing ray hits the centaur.
The centaur is heavily wounded.
The centaur hits you!
You die...

###### ### >....# ##.##
####.####.#.###########
#.....###((((@c....#
#.(....#.#########.#
#..#....#
####..#)......
.....##....###
..######...# ..# #.....
..# #.#.## ..#


You could see a centaur.

Vanquished Creatures
  Pikel (D:5)
  A phantom (D:5)
  An ogre (D:5)
  A crimson imp (D:5)
  A hound (D:5)
  An orc priest (D:3)
  A bullfrog skeleton (D:4)
  An orc wizard (D:4)
  An iguana (D:5)
  Natasha (thrice) (D:3)
  2 worker ants
  8 mummies (Ossuary)
  Robin (D:2)
  6 adders
  2 shadow imps (D:5)
  4 worms
  A dart slug (D:1)
  4 leopard geckos
  9 orcs
  2 giant cockroaches
  13 goblins
  8 hobgoblins
  6 jackals
  3 quokkas
  2 ball pythons
  5 bats
  4 frilled lizards
  A giant cockroach zombie (D:5)
  3 gnoll zombies (Ossuary)
  A hobgoblin zombie (Ossuary)
  5 kobolds
  2 kobold zombies (Ossuary)
  A leopard gecko zombie (D:5)
  2 orc zombies (Ossuary)
  A quokka skeleton (D:5)
  23 rats
131 creatures vanquished.

Vanquished Creatures (others)
  An adder skeleton (D:5)
1 creature vanquished.

Grand Total: 132 creatures vanquished

Notes
Turn   | Place    | Note
-------+----------+-------------------------------------------
     0 | D:1      | Eurus the Mummy Conjurer began the quest for the Orb.
     0 | D:1      | Reached XP level 1. HP: 13/13 MP: 4/4
   428 | D:1      | Reached XP level 2. HP: 20/20 MP: 1/5
   435 | D:1      | Learned a level 2 spell: Searing Ray
   546 | D:1      | Reached skill level 3 in Spellcasting
   915 | D:1      | Reached skill level 1 in Fighting
  1512 | D:2      | Reached XP level 3. HP: 26/26 MP: 3/7
  1777 | D:2      | Noticed Robin
  1810 | D:2      | Killed Robin
  2645 | D:3      | Reached XP level 4. HP: 32/32 MP: 4/9
  2651 | D:3      | Learned a level 4 spell: Iskenderun's Mystic Blast
  2712 | D:3      | Found a snail-covered altar of Cheibriados.
  2758 | D:3      | Noticed Natasha
  2769 | D:3      | Killed Natasha
  2899 | D:3      | Noticed Natasha
  2902 | D:3      | Killed Natasha
  2902 | D:3      | Reached XP level 5. HP: 38/38 MP: 4/10
  3026 | D:3      | Reached skill level 4 in Spellcasting
  3027 | D:3      | Noticed Natasha
  3515 | D:3      | Killed Natasha
  3515 | D:3      | Reached skill level 1 in Translocations
  3517 | D:3      | Reached skill level 1 in Armour
  3676 | D:3      | Found a bloodstained altar of Trog.
  3787 | D:3      | Found a radiant altar of Vehumet.
  4117 | D:4      | Reached XP level 6. HP: 46/46 MP: 5/12
  4212 | D:4      | Found Puoff's Weapon Shoppe.
  4395 | D:4      | Found an ornate altar of the Wu Jian Council.
  4395 | D:4      | Found a shattered altar of Ashenzari.
  4395 | D:4      | Found an opulent altar of Gozag.
  4403 | D:4      | Became a worshipper of Ashenzari the Shackled
  4507 | D:4      | Noticed a hippogriff
  4544 | D:4      | Found a staircase to the Ecumenical Temple.
  4554 | Temple   | Entered the Ecumenical Temple
  4711 | D:5      | Entered Level 5 of the Dungeon
  4800 | D:5      | Found a sand-covered staircase.
  4800 | D:5      | Noticed a slave
  4800 | D:5      | Noticed Pikel
  4813 | D:5      | Killed Pikel
  4813 | D:5      | Reached skill level 5 in Spellcasting
  4813 | D:5      | Reached skill level 5 in Conjurations
  4813 | D:5      | Reached XP level 7. HP: 41/53 MP: 12/15
  4825 | Ossuary  | Entered an ossuary
  5576 | D:5      | Reached XP level 8. HP: 48/60 MP: 12/16
  5722 | D:5      | Reached skill level 6 in Spellcasting
  5800 | D:5      | Slain by a centaur

Levels and vault maps discovered:
D:1:      minmay_arrival_hallway, layout_loops_ring, minmay_pentomino_u4
D:2:      layout_basic, uniq_robin
D:3:      layout_rooms, bloody_trog, lemuel_doored_altar, cheibriados_altar_1,
          minmay_rat_hole, uniq_natasha
D:4:      layout_rooms, chequers_temple_overflow_statue_of_worship,
          minmay_temple_entry_slanted, serial_shops, nicolae_shop_trees,
          first_ration, kennysheep_generic_room_9
D:5:      layout_loops_ring, overflow_temple_1_default, old_standard_altar,
          lightli_ossuary_entry_decrepit_ruins, uniq_pikel, uniq_sigmund
Temple:   minmay_temple_bridge_abc

Skill      XL: |  1  2  3  4  5  6  7  8 |
---------------+-------------------------+-----
Spellcasting   | 3 4 5 6 |  6.0
Fighting       | 1 2 3 4 |  4.2
Conjurations   | 4 5 |  5.3
Translocations | 1 2 3 |  3.1
Armour         | 1 2 3 |  3.0
Dodging        | |  1.5
Stealth        | |  1.5

Action                   |  1- 3 |  4- 6 |  7- 9 || total
-------------------------+-------+-------+-------++-------
Melee: Club              |    24 |       |       ||    24
       Dagger            |    18 |     1 |       ||    19
       Whip              |       |    63 |     4 ||    67
 Cast: Magic Dart        |    77 |    34 |    31 ||   142
       Searing Ray       |     4 |    18 |    21 ||    43
Invok: Curse Item        |       |     1 |     1 ||     2
 Stab: Sleeping          |     1 |     3 |       ||     4
Armor: Robe              |    21 |    14 |     1 ||    36
Dodge: Dodged            |    50 |    54 |    10 ||   114

Table legend:
 A = Non-vault XP
 B = Vault XP
 C = Vault XP percentage of total XP
 D = Non-vault monster count
 E = Vault monster count
 F = Vault count percentage of total count
                 A         B        C        D         E       F
            +---------+---------+-------+---------+---------+-------
      Total |     877 |     875 |  49.9 |      80 |      51 |  38.9
            +---------+---------+-------+---------+---------+-------
        D:1 |      31 |       5 |  13.9 |      17 |       4 |  19.0
        D:2 |      26 |      31 |  54.4 |      13 |      10 |  43.5
        D:3 |     205 |      56 |  21.5 |      24 |      20 |  45.5
        D:4 |     165 |       0 |   0.0 |      13 |       0 |   0.0
        D:5 |     450 |     629 |  58.3 |      13 |       1 |   7.1
    Ossuary |       0 |     154 | 100.0 |       0 |      16 | 100.0
            +---------+---------+-------+---------+---------+-------
